 Dungeon Crawl Stone Soup version 0.31-a0-256-g80acddb972 (webtiles) character file.

Game seed: 12030015085962340439

58 spirit192 the Covered (level 3, 0/33 HPs)
             Began as a Minotaur Fighter on July 4, 2023.
             Slain by an orc
             ... wielding a +0 flail
              (5 damage)
             ... on level 3 of the Dungeon on July 13, 2023.
             The game lasted 00:03:39 (1331 turns).

spirit192 the Covered (Minotaur Fighter)            Turns: 1331, Time: 00:03:41

Health: 0/33       AC:  7    Str: 22    XL:     3   Next: 76%
Magic:  2/2        EV:  9    Int:  5    God:
Gold:   129        SH:  4    Dex:  9    Spells: 2/2 levels left

rFire   . . .        a - +0 flail
rCold   . . .        c - +0 buckler
rNeg    . . .        b - +0 scale mail
rPois   .            (helmet restricted)
rElec   .            (no cloak)
rCorr   +            (no gloves)
SInv    .            (no boots)
Will    .....        (no amulet) Stlth
                     g - ring of resist corrosion
HPRegen 0.25/turn    (no ring)
MPRegen 0.08/turn

%: no passive effects
@: no status effects
A: horns 2, retaliatory headbutt
a: no special abilities


You were on level 3 of the Dungeon.
You visited 1 branch of the dungeon, and saw 3 of its levels.

You collected 129 gold pieces.

Inventory:

Hand Weapons
 a - a +0 flail (weapon)
Armour
 b - a +0 scale mail (worn)
 c - a +0 buckler (worn)
Jewellery
 g - a ring of resist corrosion (left hand)
Scrolls
 e - 2 scrolls of amnesia {unknown}
 k - a scroll of blinking {unknown}
 l - a scroll of vulnerability {unknown}
 n - a scroll of fear {unknown}
Potions
 d - a potion of might
 f - a potion of brilliance {unknown}
 h - a potion of attraction {unknown}
 i - a potion of mutation {unknown}
 j - a potion of enlightenment {unknown}
 m - a potion of haste {unknown}
 o - a potion of curing {unknown}


   Skills:
 + Level 4.2 Fighting
 + Level 3.2 Maces & Flails
 + Level 4.2 Armour
 + Level 4.2 Shields


You had 2 spell levels left.
You didn't know any spells.
Your spell library contained the following spells:

 Spells                   Type           Power      Damage    Failure   Level
 Scorch                   Fire           0%         2d5       94%         2
 Flame Wave               Conj/Fire      0%         2d4       100%        4
 Summon Cactus Giant      Summ           0%         N/A       100%        6


Dungeon Overview and Level Annotations

Branches:
Dungeon (3/15)

Altars:
Xom

Shops:
D:2 (

Annotations:
D:3 2 runed translucent doors


Innate Abilities, Weirdness & Mutations

You have a pair of horns on your head.
You reflexively headbutt those who attack you in melee.


Message History

No target in view!
You see here an adder corpse.
Found a ring mail.
o - an inky potion
Found a stone staircase leading down.
There is a stone staircase leading down here.
Done exploring.
Done exploring.
There is a stone staircase leading down here.
You climb downwards.
There is a stone staircase leading up here.
There is a stone staircase leading up here.
Found a shimmering altar of Xom.
The kobold shouts!
The kobold shouts!
An orc priest comes into view. It is wielding a +0 club.
Found 16 gold pieces.
An orc comes into view. It is wielding a +0 flail.
The orc shouts!
You hear a shout!
The orc priest calls down the wrath of Beogh upon you.
Beogh smites you!
An orc comes into view. It is wielding a +0 falchion.
The orc hits you with a +0 flail. The orc hits you but does no damage.
You closely miss the orc. The orc closely misses you.
The orc barely misses you.
You thump the orc!
You kill the orc!
The orc hits you but does no damage.
You closely miss the orc priest. The orc priest closely misses you.
The orc hits you with a +0 flail.
You are too injured to fight recklessly!
You are too injured to fight recklessly!
You are too injured to fight recklessly!
You barely miss the orc priest.
A rat comes into view.
The orc priest mumbles some strange prayers to Beogh against you.
Beogh smites you!
* * * LOW HITPOINT WARNING * * *
The orc hits you with a +0 flail.
You die...

## #.. #.. ## ..
#..##. #.# #...$
..####
#r..o####.#....
#o@......# ..
###....###
..#######..##.###
...........#....#
#........##....#
#........+K..K..
#........+..$_.K
#........##.!..ยง
#.........##....


You could see an orc priest, an orc and a rat (wandering).

Vanquished Creatures
  2 adders (D:2)
  A worm (D:2)
  A dart slug (D:2)
  An orc (D:3)
  2 ball pythons (D:2)
  5 bats
  2 endoplasms (D:2)
  A giant cockroach (D:1)
  3 hobgoblins
  4 jackals (D:2)
  A frilled lizard (D:1)
  5 goblins
  3 kobolds
  A rat (D:2)
32 creatures vanquished.

Notes
Turn   | Place    | Note
-------+----------+-------------------------------------------
     0 | D:1      | spirit192 the Minotaur Fighter began the quest for the Orb.
     0 | D:1      | Reached XP level 1. HP: 19/19 MP: 0/0
   342 | D:1      | Reached XP level 2. HP: 27/27 MP: 1/1
   742 | D:2      | Upgraded the game from 0.31-a0-221-gbddc013574 to
                  | 0.31-a0-256-g80acddb972
   742 | D:2      | Reached XP level 3. HP: 33/33 MP: 2/2
   953 | D:2      | Found Wujol's Weapon Shop.
  1311 | D:3      | Found a large runed translucent door.
  1311 | D:3      | Found a large runed translucent door.
  1320 | D:3      | Found a shimmering altar of Xom.
  1331 | D:3      | Slain by an orc

Illustrated notes

Levels and vault maps discovered:
D:1:      spicycebolla_arrival_xxxplode, layout_loops_ring
D:2:      layout_loops_cross, serial_shops, shop
D:3:      due_chaos_kobolds, layout_rooms, serial_shops,
          nicolae_shop_tiny_statue_garden, grunt_decor_resistance,
          pf_guarded_unrand_delatra

Skill      XL: |  1  2 |
---------------+-------+-----
Fighting       | 4 |  4.2
Maces & Flails | 3 |  3.2
Armour         | 4 |  4.2
Shields        | 4 |  4.2

Action                     || total
---------------------------++-------
  Melee: Flail             ||    86
         Headbutt          ||     6
 Armour: Scale mail        ||    60
  Dodge: Dodged            ||    49
  Block: Buckler           ||    26

Table legend: (Time is in decaauts)
 A = Elapsed time spent in this place.
 B = Non-inter-level travel time spent in this place.
 C = Inter-level travel time spent in this place.
 D = Time resting spent in this place.
 E = Time spent auto-exploring this place.
 F = Levels seen in this place.
 G = Mean time per level.
                   A        B        C        D        E       F      G
               +--------+--------+--------+--------+--------+-----+--------+
         Total |   1354 |   1269 |     85 |      0 |   1054 |   3 |  451.3 |
       Dungeon |   1354 |   1269 |     85 |      0 |   1054 |   3 |  451.3 |
               +--------+--------+--------+--------+--------+-----+--------+

Top non-repeatable levels by time:
     D:1: 677 daAuts
     D:2: 656 daAuts
     D:3: 20 daAuts
